Unix NetHack Version 5.0.0-0 post-release - last build May 23 2026 06:08:33 (1c0ff79ee797540d5714e4e18072db0edd9e58ae,branch:main).

Game began 2026-05-23 21:41:10, ended 2026-05-23 22:27:11.

Jobair, neutral female human Tourist

   ---------     ------------
   |........#    |..........|                                     ---------
   |.......|#    |..(.......-#                                    |....<..|
   |.......|##   -.----------#                                    |.......|
   ----.---- ##   #          #                                    |.......|
     # ###        #          #############                        |.......|
     #  #         #         #         -.-.-----                   -----.---
     #  ###       #         #         |.......|      -------           #
     ###  #       #        ##         |.......|  ####......|           #
       #  #       #        #-----#####.........###   |.....-#         ##
       #  ##      #        #|...-#    ---------      |.....|##        #
       ### #      #        #|...|                    |..x..| #        #
        -|-.------.-----   #|^..|                    |.....| ##       #
        |...^..........|   #-...|                    -------  ######  #
        |.........)....|    |....##################00############--|--.--
        |..............|    |0..|                          ######-......|
        |..............|    -----                              # |......|
        ----------------                                       ##+.@....|
                                                                 --------

Jobair the Sightseer        St:12 Dx:10 Co:17 In:14 Wi:8 Ch:18  Neutral
Dlvl:5  $:538 HP:42(45) Pw:15(15) AC:1  Xp:5 T:2529  Burdened

Latest messages:
 You miss the gnome zombie.  The gnome zombie hits!
 You miss the gnome zombie.
 You miss the gnome zombie.  The gnome zombie hits!  Godzilla bites the gnome zombie.  The gnome zombie is destroyed!
 You swap places with Godzilla.
 The door resists!
 The door opens.
 The hobbit picks up a sling.
 The hobbit throws a runed dagger!  A runed dagger misses you.
 The hobbit hits!
 You miss the hobbit.  The hobbit misses!
 You hit the hobbit.
 You miss the hobbit.  Godzilla picks up a runed dagger.
 You miss the hobbit.  The hobbit hits!
 You miss the hobbit.  The hobbit misses!  Godzilla drops a runed dagger.  Godzilla bites the hobbit.  The hobbit is killed!
 Godzilla picks up a runed dagger.  Godzilla eats a hobbit corpse.
 You swap places with Godzilla.  You see here a sling.
 Your knapsack cannot accommodate any more items.
 You swap places with Godzilla.
 Really save? [yn] (n) y
 Saving...
 Restoring save file...
 Aloha Jobair, the human Tourist, welcome back to NetHack!
 Your movements are slowed slightly because of your load.
 You see no objects here.
 Where do you want to travel to?
 (For instructions type a '?')
 You miss the newt.
 You miss the newt.
 The newt bites!
 You hit the newt.
 The newt misses!
 You kill the newt!
 You fall down the stairs.
 You climb up the stairs.
 What do you want to drop?
 Never mind.
 Really quit without saving? [yn] (n) y
 Do you want your possessions identified? [ynq] (y) y
 Do you want to see your attributes? [ynq] (y) y
 Do you want an account of creatures vanquished? [ynaq] (y) y
 Do you want to see your conduct and achievements? [ynq] (y) y
 Do you want to see the dungeon overview? [ynq] (y) y

Inventory:
 Coins    ('$')
  $ - 538 gold pieces
 Amulets  ('"')
  Y - an uncursed amulet of flying
 Weapons  (')')
  C - 9 blessed +1 darts
  a - 16 +2 darts (at the ready)
  q - 11 +0 darts
  A - 6 cursed -1 darts
  R - 2 +0 daggers
  H - a +1 orcish dagger
  W - 3 +0 orcish daggers
  D - a corroded +0 long sword (weapon in right hand)
 Armor    ('[')
  F - an uncursed +0 orcish helm
  Z - an uncursed +0 orcish helm
  s - an uncursed +0 pair of leather gloves (being worn)
  O - an uncursed +0 pair of speed boots (being worn)
  M - an uncursed +0 cloak of magic resistance (being worn)
  m - a blessed +0 Hawaiian shirt with a jellyfish motif
  J - an uncursed +0 dwarvish mithril-coat (being worn)
 Comestibles  ('%')
  f - an uncursed apple
  g - 3 uncursed food rations
  h - an uncursed lembas wafer
  c - 2 uncursed melons
  V - an uncursed pancake
  e - 3 uncursed tripe rations
  d - 3 uncursed eggs
 Scrolls  ('?')
  S - an uncursed scroll of blank paper
  p - an uncursed scroll of create monster
  X - an uncursed scroll of destroy armor
  N - an uncursed scroll of identify
  Q - an uncursed scroll of identify
  l - a blessed scroll of magic mapping
  x - 2 uncursed scrolls of magic mapping
  r - a blessed scroll of teleportation
  b - an uncursed scroll of teleportation
 Spellbooks  ('+')
  U - an uncursed spellbook of force bolt
 Potions  ('!')
  t - an uncursed potion of enlightenment
  i - a blessed potion of extra healing
  j - an uncursed potion of extra healing
  y - an uncursed potion of hallucination
  E - 3 uncursed potions of healing
  K - a blessed potion of speed
 Wands    ('/')
  T - a wand of locking (0:5)
 Tools    ('(')
  B - an empty uncursed sack
  P - a frost horn (0:7)
  o - an uncursed credit card
  n - an expensive camera (0:86)
  G - an uncursed leash
  k - an uncursed lock pick
  z - a blessed oil lamp
  I - a tinning kit (0:54)
 Gems/Stones  ('*')
  v - an uncursed worthless piece of black glass
  w - an uncursed worthless piece of blue glass
  u - an uncursed worthless piece of orange glass
  L - 2 uncursed worthless pieces of yellow glass

Jobair the Tourist's attributes:

Background:
 You were a Sightseer, a level 5 female human Tourist.
 You were neutral, nominally on a mission for The Lady
 who was opposed by Blind Io (lawful) and Offler (chaotic).
 You were right-handed.
 You were in the Dungeons of Doom, on level 5.
 You entered the dungeon 2529 turns ago.
 It was nighttime.
 You had 233 experience points, 87 more were needed to attain level 6.

Basics:
 You had 42 out of 45 hit points.
 You had all 15 energy points (spell power).
 Your armor class was 1.
 Your wallet contained 538 zorkmids.
 Autopickup was off.

Final Characteristics:
 Your strength was 12 (limit:18/100).
 Your dexterity was 10 (limit:18).
 Your constitution was 17 (limit:18).
 Your intelligence was 14 (limit:18).
 Your wisdom was 8 (limit:18).
 Your charisma was 18 (limit:18).

Final Status:
 You weren't hungry.
 You were burdened; movement was slightly slowed.
 You were wielding a long sword.
 You were unskilled in long sword and could have enhanced that.

Final Attributes:
 You were piously aligned.
 You were magic-protected.
 You were telepathic.
 You were guarded.
 You were very fast.
 You survived.

Miscellaneous:
 You didn't encounter any bones levels.
 Total elapsed playing time was 28 minutes and 54 seconds.

Major events:
 Turn
    1: Jobair the neutral female human Tourist entered the dungeon
 1120: entered the Gnomish Mines
 1134: attained the rank of Sightseer (level 3)
 2529: quit

You didn't know any spells.

Skills:
 Fighting Skills
   bare handed combat [Unskilled]
   two weapon combat  [Unskilled]
   riding             [Unskilled]
 Weapon Skills
   dagger             [Unskilled]
   knife              [Unskilled]
   axe                [Unskilled]
   pick-axe           [Unskilled]
   short sword        [Unskilled]
   broadsword         [Unskilled]
   long sword         [Unskilled]
   two-handed sword   [Unskilled]
   saber              [Unskilled]
   mace               [Unskilled]
   morning star       [Unskilled]
   flail              [Unskilled]
   hammer             [Unskilled]
   quarterstaff       [Unskilled]
   polearms           [Unskilled]
   spear              [Unskilled]
   trident            [Unskilled]
   lance              [Unskilled]
   bow                [Unskilled]
   sling              [Unskilled]
   crossbow           [Unskilled]
   dart               [Basic]
   shuriken           [Unskilled]
   boomerang          [Unskilled]
   whip               [Unskilled]
   unicorn horn       [Unskilled]
 Spellcasting Skills
   divination spells  [Unskilled]
   enchantment spells [Unskilled]
   escape spells      [Unskilled]

Voluntary challenges:
 Character rerolling was not enabled.
 You were an atheist.
 You never genocided any monsters.
 You never polymorphed an object.
 You never changed form.
 You used no wishes.
Achievements:
 You entered a shop.
 You entered the Gnomish Mines.
 You attained the rank of Sightseer.

 The Dungeons of Doom: levels 1 to 7
    Level 1:
    Level 2:
       A general store, a sink.
    Level 3:
       A general store.
       Stairs down to The Gnomish Mines.
    Level 4:
       A general store, a fountain.
    Level 5: <- You were here.
    Level 6:
       Some fountains.
    Level 7:
 The Gnomish Mines:
    Level 4:


Vanquished creatures:
  a blue jelly
  a paper golem
  a floating eye
  a kitten
  a homunculus
  a kobold shaman
  5 hill orcs
  a wererat
 an iguana
  2 acid blobs
  a hobbit
  a manes
  a giant rat
  4 cave spiders
  a yellow mold
  a red mold
  2 gnome zombies
  2 geckos
  6 jackals
  2 foxes
  a goblin
  a sewer rat
  3 grid bugs
  a bat
  2 lichens
  a kobold zombie
  5 newts
50 creatures vanquished.

No species were genocided or became extinct.

Aloha Jobair the Tourist...

You quit in The Dungeons of Doom on dungeon level 5 with 1232 points,
and 538 pieces of gold, after 2529 moves.
You were level 5 with a maximum of 45 hit points when you quit.

